Map: Exílio do Traidor

Players

xXXXx

  • Race: Zerg Zerg
  • Spawn Location: 5:00

Dan

  • Race: Protoss Protoss
  • League: Silver
  • Spawn Location: 6:00

IagoAbreu

  • Race: Zerg Zerg
  • League: Gold
  • Spawn Location: 12:00

Xocotl

  • Race: Protoss Protoss
  • Spawn Location: 9:00

VOD

Have the link to the VOD?

Description

Time

  • Played on: April 8, 2018, 5:14 p.m.
  • Length: 23:12
Show
View Real Time Build Order
Export as new Build Order

xXXXx Zerg 

Build Orders: Pool First 

Get SALT Encoding   

  12  0:03  Drone  
  13  0:14  Drone  
  13  0:18  Extractor  
  13  0:19  Drone  
  15  0:37  Spawning Pool  
  15  0:40  Overlord  
  14  1:00  Extractor  
  14  1:03  Drone x2, Extractor  
  14  1:04  Drone  
  15  1:18  Drone  
  16  1:24  Queen  
  18  1:28  Drone  
  19  1:42  Drone  
  20  1:50  Drone  
  21  2:06  Drone  
  22  2:37  Overlord  
  22  2:38  Overlord x2  
  22  2:41  Lair  
  22  2:58  Spine Crawler  
  22  2:59  Zergling x4  
  23  3:33  Hatchery  
  22  3:51  Zergling x6  
  25  3:58  Drone x2, Spire  
  26  4:16  Drone  
  27  4:26  Baneling Nest  
  27  4:31  Zergling x2  
  27  4:34  Zergling x2  
  28  5:13  Baneling, Spine Crawler  
  27  5:15  Baneling  
  23  5:32  Queen  
  23  5:34  Zergling x6  
  23  5:47  Spine Crawler  
  22  5:55  Mutalisk x4  
  27  6:24  Mutalisk  
  27  6:25  Mutalisk  
  31  6:34  Drone  
  32  6:41  Drone  
  32  6:45  Drone  
  32  6:46  Drone x2  
  36  6:56  Queen  
  36  6:59  Drone  
  39  7:14  Drone  
  41  7:15  Drone x2  
  41  7:16  Drone  
  43  7:39  Overlord x2  
  43  7:45  Extractor  
  43  7:46  Drone  
  43  7:47  Extractor  
  43  7:49  Drone  
  43  8:01  Drone x2  
  45  8:20  Spine Crawler  
  45  8:24  Drone x3  
  47  8:30  Drone x3  
  47  8:31  Drone  
  51  8:42  Mutalisk  
  51  8:43  Mutalisk x2  
  57  9:16  Mutalisk  
  59  9:18  Overlord x2  
  59  9:19  Overlord  
  59  9:38  Mutalisk x2  
  59  9:39  Mutalisk x3  
  69  9:47  Zerg Flyer Weapons Level 1  
  69  9:54  Spire  
  69  9:56  Drone x2  
  69  9:58  Drone  
  67  10:51  Mutalisk x4  
  67  10:52  Mutalisk x2  
  79  11:23  Mutalisk x2  
  83  11:27  Overlord  
  83  11:28  Overlord x3  
  83  11:38  Zerg Flyer Armor Level 1  
  81  12:00  Corruptor x5  
  91  12:03  Mutalisk  
  87  12:44  Zerg Flyer Weapons Level 2  
  87  12:52  Infestation Pit  
  86  13:09  Corruptor x3  
  86  13:11  Mutalisk x3  
  82  13:52  Mutalisk x3  
  82  13:53  Mutalisk x5  
  90  14:10  Zerg Flyer Armor Level 2  
  90  14:36  Overseer  
  90  14:37  Overseer x2  
  90  14:38  Hatchery  
  89  15:19  Hatchery  
  88  15:35  Hive  
  86  16:17  Queen  
  88  16:19  Drone x7  
  88  16:20  Drone  
  96  16:43  Spore Crawler  
  96  16:44  Extractor  
  96  16:46  Spore Crawler  
  93  16:48  Extractor  
  93  16:49  Queen  
  93  16:51  Drone  
  93  16:52  Drone x9  
  104  17:04  Spore Crawler  
  104  17:06  Zerg Flyer Weapons Level 3  
  104  17:08  Zerg Flyer Armor Level 3  
  103  17:53  Drone x4  
  103  17:54  Drone x6  
  103  17:56  Extractor  
  103  17:57  Drone  
  103  17:58  Extractor  
  112  18:00  Drone x2  
  112  18:01  Drone  
  112  18:02  Drone x2  
  112  18:05  Drone  
  118  18:06  Drone x2  
  118  18:08  Drone x2  
  122  18:19  Mutalisk  
  122  18:20  Mutalisk  
  122  18:22  Overlord x2  
  126  18:45  Spore Crawler  
  125  18:49  Spine Crawler  
  125  18:55  Drone x5  
  130  19:24  Drone x3  
  130  19:25  Mutalisk x5  
  130  19:27  Overlord  
  130  19:28  Overlord x5  
  130  19:30  Overlord x3  
  130  19:31  Overlord  
  142  19:48  Mutalisk x13  
  144  21:11  Mutalisk  
  144  21:12  Mutalisk x11  
  150  22:10  Mutalisk  
  150  22:11  Mutalisk x16  
Show
View Real Time Build Order
Export as new Build Order

Dan Protoss 

Build Orders:  

Get SALT Encoding   

  12  0:01  Probe  
  13  0:17  Pylon  
  13  0:22  Probe  
  14  0:35  Probe  
  15  0:40  Forge  
  15  0:47  Probe  
  17  1:04  Probe  
  17  1:22  Photon Cannon  
  17  1:24  Assimilator  
  17  1:40  Pylon  
  17  1:54  Probe  
  17  1:57  Gateway  
  18  2:07  Probe  
  19  2:19  Probe  
  20  2:31  Photon Cannon  
  20  2:32  Photon Cannon  
  20  2:34  Photon Cannon  
  20  2:46  Nexus  
  20  2:55  Probe  
  21  3:06  Assimilator  
  21  3:08  Probe  
  22  3:14  Cybernetics Core  
  22  3:15  Pylon  
  22  3:20  Probe  
  22  3:22  Pylon x2  
  22  3:24  Pylon  
  23  3:35  Pylon  
  22  3:53  Probe  
  23  4:16  Photon Cannon  
  23  4:18  Photon Cannon  
  23  4:19  Photon Cannon  
  23  4:30  Photon Cannon x2  
  23  4:34  Shield Battery  
  23  4:36  Shield Battery  
  22  5:05  Probe  
  23  5:14  Stalker  
  25  5:21  Photon Cannon  
  25  5:22  Photon Cannon  
  25  5:23  Photon Cannon  
  25  5:25  Photon Cannon  
  25  5:27  Shield Battery  
  25  5:29  Photon Cannon  
  25  5:32  Stargate  
  25  5:35  Stargate  
  25  6:17  Probe  
  26  6:47  Fleet Beacon  
  26  6:48  Nexus  
  26  6:57  Pylon  
  26  7:03  Void Ray x2  
  34  7:11  Assimilator  
  34  7:15  Assimilator  
  34  7:21  Stalker  
  36  7:27  Photon Cannon x2  
  36  7:49  Carrier (Chrono Boost)  
  41  9:42  Pylon  
  41  9:48  Pylon  
  27  11:00  Void Ray (Chrono Boost)  
  27  11:01  Void Ray (Chrono Boost)  
  35  11:09  Nexus  
  35  11:21  Assimilator  
  35  11:40  Void Ray (Chrono Boost)  
  35  11:41  Void Ray (Chrono Boost)  
  43  11:52  Assimilator  
  43  12:13  Void Ray x2 (Chrono Boost)  
  51  12:21  Probe  
  52  12:25  Probe  
  53  12:33  Probe  
  54  12:37  Probe  
  55  12:46  Void Ray x2 (Chrono Boost)  
  55  12:49  Probe  
  64  13:11  Protoss Air Weapons Level 1  
  64  13:13  Protoss Shields Level 1  
  64  13:22  Void Ray x2  
  68  14:10  Void Ray  
  68  14:11  Void Ray  
  40  15:03  Void Ray x2  
  48  15:35  Nexus  
  48  15:46  Void Ray x2  
  56  16:39  Void Ray x2  
  64  16:47  Probe  
  65  16:59  Probe  
  66  17:11  Probe  
  66  17:23  Probe  
  66  17:40  Probe  
  68  17:44  Probe  
  68  17:52  Probe  
  69  18:02  Probe  
  69  18:04  Probe  
  71  18:07  Assimilator  
  71  18:12  Assimilator  
  71  18:14  Probe  
  71  18:17  Void Ray  
  71  18:18  Void Ray  
  80  18:22  Protoss Air Armor Level 1 (Chrono Boost)  
  80  18:26  Probe  
  82  18:34  Probe  
  82  18:36  Probe  
  82  18:38  Probe  
  84  18:46  Probe  
  85  18:48  Probe  
  85  18:50  Pylon  
  85  18:51  Pylon  
  85  18:53  Pylon  
  86  18:58  Probe  
  86  19:00  Void Ray, Probe  
  86  19:01  Void Ray  
  96  19:43  Void Ray x2  
  104  20:06  Protoss Air Weapons Level 2 (Chrono Boost)  
  104  20:23  Void Ray x2 (Chrono Boost)  
  112  20:59  Phoenix x2  
  116  21:24  Phoenix x2  
  120  21:48  Pylon  
  120  21:49  Void Ray  
  120  21:50  Pylon  
  120  21:51  Pylon  
  124  21:55  Pylon x2  
  124  21:56  Pylon  
  124  21:58  Pylon  
  124  22:00  Pylon  
  124  22:05  Void Ray  
  128  22:24  Pylon  
  128  22:28  Pylon  
Show
View Real Time Build Order
Export as new Build Order

IagoAbreu Zerg 

Build Orders: Pool First 

Get SALT Encoding   

  12  0:03  Drone  
  13  0:23  Spawning Pool  
  13  0:27  Drone  
  13  0:36  Drone  
  13  0:42  Extractor  
  13  0:44  Overlord  
  13  0:51  Drone  
  15  1:04  Drone x2  
  15  1:10  Queen  
  18  1:24  Zergling x4  
  20  1:33  Drone  
  21  1:45  Drone  
  22  1:49  Roach Warren  
  21  1:57  Overlord  
  19  2:43  Roach  
  19  2:44  Roach x4  
  29  2:48  Hatchery  
  28  2:54  Queen  
  30  3:09  Overlord  
  30  3:29  Zergling x8  
  32  3:52  Ravager x4  
  32  4:21  Evolution Chamber  
  32  4:22  Extractor  
  30  4:25  Drone x5  
  30  4:27  Drone  
  30  4:28  Drone x2  
  38  4:35  Roach x3  
  44  5:06  Lair  
  44  5:35  Overlord x4  
  32  6:05  Drone x2  
  32  6:06  Drone x2  
  32  6:09  Roach x2  
  32  6:10  Roach x4  
  48  6:40  Pneumatized Carapace  
  48  6:50  Extractor  
  48  6:52  Extractor  
  46  6:57  Drone x3  
  46  6:58  Drone  
  50  7:07  Queen  
  52  7:14  Overlord  
  52  7:22  Queen  
  52  7:24  Overseer, Hatchery  
  53  7:33  Overseer  
  53  7:38  Ravager x2  
  55  8:29  Drone x6  
  55  8:30  Drone x3  
  55  8:33  Roach x3  
  55  8:34  Roach x3  
  73  8:59  Hatchery  
  62  9:05  Overseer  
  55  9:31  Queen  
  55  9:33  Queen  
  59  9:46  Spire  
  59  9:52  Hydralisk Den  
  56  10:10  Hatchery  
  42  10:35  Hydralisk x7  
  46  10:36  Hydralisk x2  
  46  10:38  Overlord x2  
  63  11:04  Ravager x5  
  63  11:05  Ravager  
  63  11:07  Corruptor x3  
  72  11:41  Corruptor  
  72  11:42  Corruptor  
  76  11:47  Drone  
  75  12:11  Drone x2  
  77  12:21  Overlord x3  
  77  12:54  Hydralisk x3  
  77  12:55  Hydralisk x7  
  77  12:56  Hydralisk  
  99  13:03  Drone  
  100  13:11  Drone x3  
  103  13:13  Burrow  
  101  13:35  Corruptor  
  97  13:53  Overlord x4  
  97  13:54  Overlord x2  
  88  14:33  Overseer  
  45  15:00  Corruptor  
  45  15:01  Corruptor x5  
  45  15:02  Corruptor  
  59  15:33  Hatchery  
  59  15:35  Corruptor x3  
  60  15:41  Zerg Flyer Weapons Level 1  
  62  16:00  Queen  
  62  16:02  Corruptor x2  
  68  16:56  Corruptor x3  
  68  16:57  Corruptor x2  
  78  17:13  Drone x2  
  78  17:14  Drone  
  81  17:18  Drone x3  
  81  17:19  Drone  
  81  17:20  Drone  
  86  17:58  Corruptor  
  86  17:59  Corruptor x3  
  86  18:03  Corruptor  
  96  18:06  Drone x2  
  96  18:09  Drone  
  96  18:12  Drone  
  100  18:26  Infestation Pit  
  99  18:47  Mutalisk  
  99  18:48  Mutalisk x6  
  101  18:52  Mutalisk  
  115  19:01  Drone  
  115  19:02  Drone x4  
  120  19:13  Hive  
  120  19:42  Mutalisk x2  
  120  19:43  Mutalisk x3  
  130  19:50  Extractor  
  130  19:52  Hatchery  
  128  19:55  Extractor  
  127  20:33  Hatchery  
  66  20:58  Hydralisk x4  
  66  20:59  Hydralisk x7  
  66  21:00  Hydralisk x5  
  71  21:20  Hydralisk x2  
  57  21:40  Greater Spire  
  45  21:59  Hydralisk x2  
  49  22:03  Drone x3  
  49  22:04  Drone x3  
Show
View Real Time Build Order
Export as new Build Order

Xocotl Protoss 

Build Orders:  

Get SALT Encoding   

  12  0:03  Probe (Chrono Boost)  
  13  0:15  Probe (Chrono Boost)  
  14  0:23  Pylon  
  14  0:24  Probe (Chrono Boost)  
  15  0:33  Assimilator  
  15  0:41  Probe  
  16  0:45  Pylon  
  16  0:55  Gateway  
  16  1:01  Probe (Chrono Boost)  
  16  1:02  Assimilator  
  17  1:10  Probe (Chrono Boost)  
  18  1:20  Gateway  
  18  1:36  Probe  
  19  1:42  Zealot  
  21  1:48  Probe  
  21  1:52  Forge  
  22  2:01  Cybernetics Core  
  22  2:02  Probe  
  22  2:07  Zealot (Chrono Boost)  
  25  2:22  Zealot (Chrono Boost)  
  27  2:30  Photon Cannon  
  27  2:40  Warp Gate  
  27  2:47  Zealot  
  27  2:48  Probe  
  30  3:12  Pylon  
  30  3:30  Stalker x2  
  30  3:32  Pylon  
  34  3:35  Pylon  
  34  4:00  Stalker  
  34  4:01  Nexus  
  36  4:13  Zealot  
  38  4:30  Zealot  
  36  5:06  Pylon  
  36  5:09  Pylon  
  36  5:11  Pylon  
  36  5:13  Probe  
  36  5:14  Assimilator  
  37  5:18  Assimilator  
  37  5:25  Probe  
  34  5:37  Probe  
  33  5:49  Protoss Ground Weapons Level 1, Probe (Chrono Boost)  
  34  6:01  Probe (Chrono Boost)  
  35  6:05  Gateway  
  35  6:07  Gateway, Probe (Chrono Boost)  
  35  6:09  Probe (Chrono Boost)  
  35  6:10  Gateway  
  35  6:11  Stalker  
  35  6:13  Gateway  
  35  6:15  Probe  
  38  6:27  Probe  
  39  6:33  Photon Cannon  
  39  6:37  Photon Cannon  
  39  6:42  Photon Cannon  
  39  6:45  Photon Cannon  
  39  6:51  Zealot  
  39  6:53  Zealot  
  43  7:17  Stalker  
  43  7:19  Stalker  
  43  7:20  Stalker  
  43  7:21  Stalker  
  51  7:22  Stalker  
  51  7:25  Stalker  
  55  7:44  Probe (Chrono Boost)  
  55  7:45  Stargate  
  55  7:46  Stargate  
  55  7:48  Stargate  
  56  7:55  Probe (Chrono Boost)  
  57  8:15  Zealot x2  
  57  8:16  Zealot x2  
  57  8:17  Zealot x2  
  69  8:35  Probe (Chrono Boost)  
  69  8:38  Pylon  
  69  8:39  Pylon  
  69  8:40  Pylon  
  70  8:42  Pylon  
  70  8:46  Probe (Chrono Boost)  
  37  9:16  Void Ray  
  39  9:19  Void Ray x2  
  47  9:26  Protoss Ground Armor Level 1  
  47  9:32  Stalker  
  47  9:33  Stalker x2  
  53  10:00  Stalker x2  
  53  10:01  Stalker x2  
  38  10:49  Pylon  
  33  10:52  Pylon, Phoenix x2  
  33  10:53  Phoenix  
  28  11:12  Probe  
  28  11:17  Phoenix x2  
  31  11:26  Probe (Chrono Boost)  
  31  11:28  Probe (Chrono Boost)  
  32  12:26  Probe (Chrono Boost)  
  35  12:38  Probe x2 (Chrono Boost)  
  36  12:46  Probe x2 (Chrono Boost)  
  37  12:51  Probe (Chrono Boost)  
  37  12:52  Probe  
  37  12:56  Stalker  
  41  13:05  Probe (Chrono Boost)  
  42  13:12  Probe (Chrono Boost)  
  43  13:15  Probe (Chrono Boost)  
  43  13:19  Probe (Chrono Boost)  
  45  13:24  Probe (Chrono Boost)  
  46  13:36  Probe  
  45  13:51  Photon Cannon  
  45  13:52  Photon Cannon  
  41  14:09  Void Ray  
  45  14:16  Probe (Chrono Boost)  
  46  14:19  Probe (Chrono Boost)  
  46  14:30  Probe (Chrono Boost)  
  47  14:38  Probe (Chrono Boost)  
  48  14:43  Probe (Chrono Boost)  
  49  14:51  Probe (Chrono Boost)  
  50  14:55  Probe (Chrono Boost)  
  51  15:02  Stalker  
  51  15:04  Stalker  
  51  15:06  Probe  
  56  15:13  Stalker  
  58  15:18  Probe  
  58  15:19  Stalker  
  61  16:00  Phoenix x3  
  67  16:10  Probe (Chrono Boost)  
  68  16:21  Probe (Chrono Boost)  
  68  16:25  Phoenix x2  
  73  16:29  Probe (Chrono Boost)  
  73  16:30  Nexus  
  74  16:34  Probe (Chrono Boost)  
  74  16:35  Pylon  
  74  16:38  Pylon  
  75  16:42  Assimilator  
  75  16:44  Probe  
  76  16:47  Assimilator  
  76  16:52  Pylon  
  76  16:56  Pylon  
  42  17:43  Phoenix x3  
  48  17:52  Pylon x2  
  48  18:00  Photon Cannon  
  48  18:06  Photon Cannon  
  48  18:07  Probe (Chrono Boost)  
  48  18:08  Phoenix x3  
  55  18:56  Photon Cannon  
  55  19:01  Photon Cannon  
  55  19:03  Photon Cannon, Probe (Chrono Boost)  
  55  19:04  Photon Cannon  
  56  19:10  Photon Cannon  
  56  19:11  Photon Cannon  
  56  19:13  Photon Cannon  
  56  19:14  Photon Cannon, Probe (Chrono Boost), Phoenix  
  56  19:15  Phoenix  
  61  19:55  Stargate  
  61  19:56  Stargate  
  61  19:59  Stargate  
  61  20:04  Stargate  
  41  20:55  Void Ray x3  
  53  21:09  Probe (Chrono Boost)  
  55  21:19  Probe (Chrono Boost)  
  55  21:24  Probe (Chrono Boost)  
  56  21:36  Probe  
  57  21:48  Probe  
  46  22:19  Pylon  
  46  22:21  Pylon  
  46  22:24  Pylon  
  46  22:29  Phoenix  
  37  22:45  Nexus  
  37  22:49  Assimilator  
  37  22:51  Assimilator  
  37  22:55  Pylon  
  37  22:57  Pylon  
  39  22:59  Pylon  
  39  23:01  Pylon  
  39  23:05  Pylon  
  30  23:08  Pylon  
  30  23:11  Pylon  
Tags
 
Add a new tag
Caveats
  • Supply blocks, unpowered buildings, or Contaminate may cause inaccurate times.
  • Supply counts are checked every 10 seconds.